 Dungeon Crawl Stone Soup version 0.17-a0-1403-g9df874c (webtiles) character file.

83 Frelus the Firebug (level 4, 0/21 HPs)
             Began as a Deep Elf Fire Elementalist on June 20, 2015.
             Slain by an adder (1 damage)
             ... on level 4 of the Dungeon.
             The game lasted 00:07:08 (2572 turns).

Frelus the Firebug (Deep Elf Fire Elementalist)     Turns: 2572, Time: 00:07:08

Health: 0/21       AC:  5    Str: 10    XL:     4   Next: 22%
Magic:  0/10       EV: 13    Int: 23    God:
Gold:   147        SH:  0    Dex: 15    Spells: 3 memorised, 1 level left

rFire  . . .     SeeInvis .     y - +0 falchion (curse)
rCold  . . .     Clarity  .     a - +0 robe
rNeg   . . .     SustAt   .     (no shield)
rPois  .         Gourm    .     (no helmet)
rElec  .         Spirit   .     w - +0 cloak
rCorr  .         Warding  .     (no gloves)
rMut   .         Stasis   .     (no boots)
MR     .....                    (no amulet)
Stlth  ++........               (no ring)
                                i - +4 ring of strength

@: brilliant, not resistant to hostile enchantments, unstealthy
A: slimy green scales 1, dopey 1, frail 1
a: no special abilities


You were on level 4 of the Dungeon.
You were not hungry.

You visited 1 branch of the dungeon, and saw 4 of its levels.

You collected 147 gold pieces.

Inventory:

Hand weapons
 l - a +0 whip
 y - a cursed +0 falchion (weapon)
Armour
 a - a +0 robe (worn)
 r - a +0 leather armour
 w - a +0 cloak (worn)
Jewellery
 i - a +4 ring of strength (left hand)
 x - an uncursed ring of positive energy {unknown}
Scrolls
 e - 6 scrolls of identify {unknown}
 g - a scroll of noise {unknown}
 h - 2 scrolls of recharging {unknown}
 j - 3 scrolls of teleportation {unknown}
 m - 2 scrolls of remove curse {unknown}
 n - 3 scrolls of enchant weapon {unknown}
 s - 3 scrolls of amnesia {unknown}
 t - 2 scrolls of immolation {unknown}
 u - a scroll of random uselessness {unknown}
Potions
 d - a potion of heal wounds {unknown}
 v - a potion of degeneration {unknown}
Books
 b - a book of Flames

   Spells                             Type                      Level
   a - Flame Tongue                   Conjuration/Fire             1
   b - Throw Flame                    Conjuration/Fire             2
   c - Conjure Flame                  Conjuration/Fire             3
   d - Inner Flame                    Hexes/Fire                   3
   e - Sticky Flame                   Conjuration/Fire             4
   f - Fireball                       Conjuration/Fire             5
Comestibles
 c - 5 bread rations
 k - 2 meat rations
 p - a beef jerky


   Skills:
 - Level 2.4 Dodging
 - Level 2.4 Stealth
 - Level 3.0 Spellcasting
 + Level 3.1 Conjurations
 + Level 4.6 Fire Magic


You had one spell level left.
You knew the following spells:

 Your Spells              Type           Power        Failure   Level  Hunger
a - Flame Tongue          Conj/Fire      #####        1%          1    None
b - Conjure Flame         Conj/Fire      #####...     1%          3    ###....
c - Sticky Flame          Conj/Fire      #####...     3%          4    ####...


Dungeon Overview and Level Annotations

Branches:
Dungeon (4/15)
 Temple: D:4-7

Altars:
Dithmenos
Elyvilon
Kikubaaqudgha
The Shining One


Innate Abilities, Weirdness & Mutations

You are partially covered in slimy green scales (AC +2).
You are dopey. (Int -2)
You are frail (-10% HP).


Message History

Press: ? - help, Shift-Dir - straight line, f/p - hound
Aim: a hound (almost dead)
The flame tongue hits the adder.
The adder is moderately wounded.
The adder bites you but does no damage.
Casting: Flame Tongue
Confirm with . or Enter, or press ? or * to list all spells.
Aiming: Flame Tongue
Press: ? - help, Shift-Dir - straight line, f/p - hound
Aim: a hound (almost dead)
The flame tongue hits the adder.
The adder is moderately wounded.
The adder bites you.
* * * LOW HITPOINT WARNING * * *
You barely miss the adder.
The adder is moderately wounded.
The adder bites you.
* * * LOW HITPOINT WARNING * * *
The adder bites you.
You die...

#...# .. #...## .#
#.... .. #...# #.#
#...#####...
#........... #####
#...####>..(
#...#######...# ##.#..
#....@Sh).....###.....
#
##...###%..)...........
#.##...##
##†.....###...#.
#..<...# #...####
##.##. #...)....# #..##
#.# ##..###...# #.#.#
#.# #.. ........#.# #.#
#. ###.####.#.# .. #.
... #.#.#


You could see a hound and an adder.

Vanquished Creatures
  2 adders (D:3)
  A worm (D:2)
  4 orcs (D:3)
  3 giant cockroaches
  8 hobgoblins
  4 jackals (D:4)
  6 kobolds
  2 quokkas (D:3)
  2 ball pythons
  10 bats
  6 giant newts
  3 goblins
  A jackal skeleton (D:4)
  2 rats
54 creatures vanquished.

Notes
Turn   | Place    | Note
--------------------------------------------------------------
     0 | D:1      | Frelus the Deep Elf Fire Elementalist began the quest for the Orb.
     0 | D:1      | Reached XP level 1. HP: 10/10 MP: 6/6
   189 | D:1      | Reached XP level 2. HP: 13/15 MP: 6/8
  1144 | D:1      | Reached skill level 4 in Fire Magic
  1182 | D:2      | Found a white marble altar of Elyvilon.
  1203 | D:2      | Found an ancient bone altar of Kikubaaqudgha.
  1478 | D:2      | Reached XP level 3. HP: 19/19 MP: 2/9
  1498 | D:2      | Learned a level 3 spell: Conjure Flame
  1562 | D:2      | You fall through a shaft!
  1939 | D:3      | Found a shadowy altar of Dithmenos.
  2160 | D:3      | Reached XP level 4. HP: 12/24 MP: 0/10
  2362 | D:3      | Found a glowing golden altar of the Shining One.
  2453 | D:3      | Learned a level 4 spell: Sticky Flame
  2561 | D:4      | Gained mutation: You are dopey. (Int -2) [potion of mutation]
  2561 | D:4      | Gained mutation: You are partially covered in slimy green scales (AC +2). [potion of mutation]
  2561 | D:4      | Gained mutation: You are frail (-10% HP). [potion of mutation]
  2572 | D:4      | HP: 1/21 [adder (2)]
  2572 | D:4      | Slain by an adder

Vault maps used:
D:1:      dpeg_arrival_tiny_i
D:2:      old_standard_altar, nicolae_overflow_crystal_walls,
          minmay_misc_feat_tiny
D:3:      old_standard_altar, nicolae_tso_carved_into_rock
D:4:      nicolae_ru_sacrificial_ziggurat, old_standard_altar,
          lemuel_doored_altar, first_bread, uniq_duvessa,
          uniq_crazy_yiuf_cottage, uniq_grinder

Action                   |  1- 3 |  4- 6 || total
-------------------------+-------+-------++-------
Melee: Unarmed           |     1 |       ||     1
       Whip              |     8 |     8 ||    16
       Falchion          |       |     9 ||     9
 Cast: Flame Tongue      |    83 |    23 ||   106
  Use: Potion            |       |     3 ||     3
 Stab: Sleeping          |     1 |       ||     1
  Eat: Chunk             |     3 |     2 ||     5
